 Dungeon Crawl Stone Soup version 0.28-a0-793-g31680bbd8b (webtiles) character file.

Game seed: 4763502701207423408

21 ytrimaz the Skirmisher (level 2, -6/24 HPs)
             Began as a Demonspawn Fighter on Nov 3, 2021.
             Killed from afar by Natasha (10 damage)
             ... with a magic dart
             ... on level 2 of the Dungeon.
             The game lasted 00:00:57 (1042 turns).

ytrimaz the Skirmisher (Demonspawn Fighter)         Turns: 1042, Time: 00:00:58

Health: -6/24      AC:  7    Str: 16    XL:     2   Next: 62%
Magic:  2/2        EV:  6    Int: 15    God:
Gold:   58         SH:  4    Dex: 12    Spells: 1/1 levels left

rFire   . . .      SeeInvis .   a - +0 rapier
rCold   . . .      Faith    .   c - +0 buckler
rNeg    . . .      Spirit   .   b - +0 scale mail
rPois   .          Reflect  .   (no helmet)
rElec   .          Harm     .   (no cloak)
rCorr   .          Rampage  .   (no gloves)
Will    .....                   h - +0 pair of boots
Stlth   ..........              (no amulet)
HPRegen 0.08/turn               j - +6 ring of intelligence
MPRegen 0.08/turn               (no ring)

@: slowed, constricted, very slow
A: weakness stinger 1
a: no special abilities


You were on level 2 of the Dungeon.
You visited 1 branch of the dungeon, and saw 2 of its levels.

You collected 58 gold pieces.

Inventory:

Hand Weapons
 a - a +0 rapier (weapon)
Armour
 b - a +0 scale mail (worn)
 c - a +0 buckler (worn)
 h - a +0 pair of boots (worn)
Jewellery
 j - a +6 ring of intelligence (left hand)
Scrolls
 e - a scroll of identify {unknown}
 f - 2 scrolls of holy word {unknown}
 g - a scroll of acquirement {unknown}
Potions
 d - a potion of might
 i - a potion of haste {unknown}


   Skills:
 + Level 3.2 Fighting
 - Level 2.0 Short Blades
 + Level 2.9 Armour
 * Level 0.5 Dodging
 + Level 2.9 Shields


You had one spell level left.
You didn't know any spells.
Your spell library was empty.

Dungeon Overview and Level Annotations

Branches:
Dungeon (2/15)

Altars:

Annotations:
D:2 Natasha


Innate Abilities, Weirdness & Mutations

You have a small tail.


Message History

Natasha casts a spell.
The dart slug bites you but does no damage.
The ball python closely misses you. x2
Natasha mumbles some strange words.
The dart slug bites you but does no damage.
The shadow imp barely misses you. Natasha casts a spell at you.
You resist with significant effort.
You closely miss Natasha. You block the ball python's attack.
The ball python barely misses you.
The shadow imp hits you but does no damage.
Natasha mumbles some strange words.
You hit Natasha but do no damage. The ball python barely misses you.
The ball python closely misses you. The shadow imp misses you.
The dart slug launches a dart at you. You block the slug dart.
The shadow imp completely misses you. Natasha casts a spell at you.
You feel yourself slow down.
The ball python bites you but does no damage.
The ball python grabs you. The ball python constricts you.
The shadow imp hits you.
You barely miss Natasha.
The ball python bites you but does no damage.
The ball python constricts you. The dart slug bites you.
The shadow imp hits you. Natasha claws you. The shadow imp barely misses you.
The ball python closely misses you. The ball python constricts you.
You barely miss Natasha. You tail-slap Natasha.
Natasha is moderately wounded.
Natasha barely misses you.
The shadow imp hits you but does no damage.
You block the shadow imp's attack. The ball python bites you.
* * * LOW HITPOINT WARNING * * *
The ball python constricts you. The dart slug launches a dart at you.
The slug dart hits you but does no damage.
The shadow imp hits you.
* * * LOW HITPOINT WARNING * * *
Natasha casts a spell at you. The magic dart hits you!
You die...

.#.. #. ...#
###..# . ...###..
.# #..
#.#...##.###
....#..........##
###..............
#......<.5..#....
#.###...5Sw......
#.....h@.......
#.##..$5..#....
.. ######## ...
## ..


You could see Natasha, 3 shadow imps, a dart slug and a ball python.

Vanquished Creatures
  2 giant cockroaches (D:1)
  3 goblins (D:1)
  5 hobgoblins (D:1)
  A quokka (D:1)
  A ball python (D:1)
  A bat (D:1)
  A frilled lizard (D:1)
  A kobold (D:1)
  5 rats (D:1)
20 creatures vanquished.

Notes
Turn   | Place    | Note
-------+----------+-------------------------------------------
     0 | D:1      | ytrimaz the Demonspawn Fighter began the quest for the Orb.
     0 | D:1      | Reached XP level 1. HP: 18/18 MP: 1/1
   237 | D:1      | Discovered your monstrous ancestry.
   237 | D:1      | Gained mutation: You have a small tail. [demonic ancestry]
   237 | D:1      | Reached XP level 2. HP: 16/24 MP: 2/2
  1035 | D:2      | Noticed Natasha
  1042 | D:2      | Killed from afar by Natasha

Illustrated notes

Levels and vault maps discovered:
D:1:      kennysheep_arrival_forest, layout_basic
D:2:      layout_rooms, hellmonk_ecumenical_altar_inner_sanctum,
          hangedman_abyss_or_decor_stabs, uniq_natasha

Skill      XL: |  1  2 |
---------------+-------+-----
Short Blades   | 2 |  2.0
Fighting       | |  3.2
Armour         | |  2.9
Dodging        | |  0.5
Shields        | |  2.9

Action                   || total
-------------------------++-------
Melee: Rapier            ||    66
       Tailslap          ||     3
Armor: Scale mail        ||    31
Dodge: Dodged            ||    37
Block: Buckler           ||    21

Table legend: (Time is in decaauts)
 A = Elapsed time spent in this place.
 B = Non-inter-level travel time spent in this place.
 C = Inter-level travel time spent in this place.
 D = Time resting spent in this place.
 E = Time spent auto-exploring this place.
 F = Levels seen in this place.
 G = Mean time per level.
                   A        B        C        D        E       F      G
               +--------+--------+--------+--------+--------+-----+--------+
         Total |   1049 |   1033 |     16 |      0 |    867 |   2 |  524.5 |
       Dungeon |   1049 |   1033 |     16 |      0 |    867 |   2 |  524.5 |
               +--------+--------+--------+--------+--------+-----+--------+

Top non-repeatable levels by time:
     D:1: 1042 daAuts
     D:2: 7 daAuts
